 Dungeon Crawl Stone Soup version 0.26-a0-1184-g95e395e029 (webtiles) character file.

Game seed: 2274838951980762599

74 Azzok the Firebug (level 4, -5/30 HPs)
             Began as a Demonspawn Fire Elementalist on Dec 27, 2020.
             Killed by divine providence
             ... invoked by an orc priest
              (10 damage)
             ... on level 3 of the Dungeon.
             The game lasted 00:03:23 (3460 turns).

Azzok the Firebug (Demonspawn Fire Elementalist)    Turns: 3460, Time: 00:03:24

Health: -5/30      AC:  5    Str:  8    XL:     4   Next: 9%
Magic:  2/8        EV: 12    Int: 17    God:
Gold:   153        SH:  0    Dex: 14    Spells: 7/8 levels left

rFire    . . .     SeeInvis +   l - +0 long sword
rCold    . . .     Faith    .   (no shield)
rNeg     + . .     Spirit   .   a - +0 robe
rPois    .         Reflect  .   (no helmet)
rElec    .         Harm     .   (no cloak)
rCorr    .         Rampage  .   f - +0 pair of gloves
Will     .....                  (no boots)
Stlth    ++........             (no amulet)
HPRegen  0.10/turn              i - ring of see invisible
MPRegen  0.11/turn              m - ring of positive energy

@: no status effects
A: slimy green scales 1
a: no special abilities


You were on level 3 of the Dungeon.
You visited 1 branch of the dungeon, and saw 3 of its levels.

You collected 153 gold pieces.

Inventory:

Hand Weapons
 l - a +0 long sword (weapon)
Armour
 a - a +0 robe (worn)
 f - a +0 pair of gloves (worn)
Jewellery
 i - a ring of see invisible (left hand)
 m - a ring of positive energy (right hand)
Scrolls
 b - 3 scrolls of remove curse
 d - 2 scrolls of identify {unknown}
 g - a scroll of random uselessness {unknown}
 h - 2 scrolls of teleportation
 j - 3 scrolls of magic mapping {unknown}
Potions
 c - a potion of heal wounds {unknown}
 e - 2 potions of attraction {unknown}
 k - a potion of resistance {unknown}
 n - a potion of degeneration {unknown}


   Skills:
 - Level 1.7 Dodging
 - Level 1.7 Stealth
 + Level 2.8 Spellcasting
 + Level 2.3 Conjurations
 + Level 3.4 Fire Magic


You had 7 spell levels left.
You knew the following spells:

 Your Spells              Type           Power        Failure   Level
a - Foxfire               Conj/Fire      48%          5%          1

Your spell library contained the following spells:

 Spells                   Type           Power        Failure   Level
 Conjure Flame            Conj/Fire      12%          16%         3
 Inner Flame              Hex/Fire       8%           26%         3
 Sticky Flame             Conj/Fire      12%          47%         4
 Fireball                 Conj/Fire      6%           83%         5


Dungeon Overview and Level Annotations

Branches:
Dungeon (3/15)

Altars:
Ashenzari
Dithmenos
Fedhas
Hepliaklqana
Makhleb
Qazlal
Sif Muna
Wu Jian
Xom
The Shining One


Innate Abilities, Weirdness & Mutations

You are partially covered in slimy green scales. (AC +2)


Message History

You hit the orc priest but do no damage.
The orc priest hits you with a +0 dagger.
* * * LOW HITPOINT WARNING * * *
You hit the orc priest but do no damage.
The orc priest barely misses you.
You hit the orc priest but do no damage.
The orc priest hits you with a +0 dagger.
* * * LOW HITPOINT WARNING * * *
The orc priest hits you but does no damage.
You barely miss the orc priest. The orc priest barely misses you.
You hit the orc priest.
The orc priest is lightly wounded.
The orc priest hits you with a +0 dagger.
* * * LOW HITPOINT WARNING * * *
The orc priest hits you but does no damage.
You barely miss the orc priest.
The orc priest is lightly wounded.
The orc priest mumbles some strange prayers to Beogh against you.
Beogh smites you!
You die...

▒·▒ ▒·······▒ ▒·▒
▒·▒▒▒▒▒▒▒ ▒▒▒·▒▒▒ ▒·▒
······▒ ▒·▒ ▒▒▒·▒·▒
▒·▒
▒▒▒···▒▒▒·▒▒▒▒▒▒▒▒▒·▒
▒···················▒
▒·▒▒··▒▒▒·▒▒▒▒▒▒▒▒▒▒▒
▒·▒▒··▒ ▒·······@oo▒
▒·▒▒··▒ ▒▒▒▒▒▒▒▒▒▒·▒
······▒ ▒·▒ ▒·▒▒·▒▒
▒·▒ ▒·▒▒·▒ oo)·v§o·▒
·····▒ ·▒▒▒▒▒▒▒▒
··▒▒▒▒ ▒▒▒


You could see an orc priest and an orc wizard (invisible).

Vanquished Creatures
  An adder (D:2)
  A worm (D:2)
  A dart slug (D:1)
  3 leopard geckos
  An orc (D:3)
  8 bats
  A giant cockroach (D:1)
  4 goblins
  7 hobgoblins
  5 kobolds
  2 quokkas
  8 frilled lizards
  17 rats
59 creatures vanquished.

Vanquished Creatures (others)
  184 foxfires
184 creatures vanquished.

Grand Total: 243 creatures vanquished

Notes
Turn   | Place    | Note
-------+----------+-------------------------------------------
     0 | D:1      | Azzok the Demonspawn Fire Elementalist began the quest for
                  | the Orb.
     0 | D:1      | Reached XP level 1. HP: 13/13 MP: 3/3
   412 | D:1      | Gained mutation: You are partially covered in slimy green
                  | scales. (AC +2) [demonic ancestry]
   412 | D:1      | Reached XP level 2. HP: 19/19 MP: 1/5
   638 | D:1      | Reached skill level 3 in Fire Magic
  1372 | D:1      | Reached XP level 3. HP: 24/24 MP: 0/6
  3040 | D:3      | Found a stormy altar of Qazlal.
  3098 | D:3      | Found a hazy altar of Hepliaklqana.
  3100 | D:3      | Found a shadowy altar of Dithmenos.
  3106 | D:3      | Reached XP level 4. HP: 30/30 MP: 5/8
  3131 | D:3      | Found a glowing golden altar of the Shining One.
  3133 | D:3      | Found a shimmering blue altar of Sif Muna.
  3133 | D:3      | Found an ornate altar of the Wu Jian Council.
  3133 | D:3      | Found a broken altar of Ashenzari.
  3134 | D:3      | Found a burning altar of Makhleb.
  3136 | D:3      | Found a shimmering altar of Xom.
  3137 | D:3      | Found a blossoming altar of Fedhas.
  3460 | D:3      | Killed from afar by an orc priest

Illustrated notes

Levels and vault maps discovered:
D:1:      matt_arrival_los_fun, layout_basic
D:2:      layout_basic
D:3:      layout_loops_ring, minitemple, nicolae_qazlal_eye_of_the_storm

Skill      XL: |  1  2  3 |
---------------+----------+-----
Fire Magic     | 3 |  3.4
Conjurations   | 2 |  2.3
Dodging        | |  1.7
Stealth        | |  1.7
Spellcasting   | |  2.8

Action                   |  1- 3 |  4- 6 || total
-------------------------+-------+-------++-------
Melee: Unarmed           |    24 |       ||    24
       Long sword        |     8 |    21 ||    29
 Cast: Foxfire           |   127 |    17 ||   144
  Use: Scroll            |     2 |       ||     2
 Stab: Sleeping          |     1 |       ||     1
Armor: Robe              |    18 |     4 ||    22
Dodge: Dodged            |    38 |    20 ||    58
       Rpst.: Long sword |     2 |     3 ||     5

Table legend: (Time is in decaauts)
 A = Elapsed time spent in this place.
 B = Non-inter-level travel time spent in this place.
 C = Inter-level travel time spent in this place.
 D = Time resting spent in this place.
 E = Time spent auto-exploring this place.
 F = Levels seen in this place.
 G = Mean time per level.
                   A        B        C        D        E       F      G
               +--------+--------+--------+--------+--------+-----+--------+
         Total |   3469 |   3433 |     36 |     93 |   2810 |   3 | 1156.3 |
       Dungeon |   3469 |   3433 |     36 |     93 |   2810 |   3 | 1156.3 |
               +--------+--------+--------+--------+--------+-----+--------+

Top non-repeatable levels by time:
     D:1: 1653 daAuts
     D:2: 974 daAuts
     D:3: 841 daAuts
